 Dungeon Crawl Stone Soup version 0.28-a0-60-g54b5640690 (webtiles) character file.

Game seed: 12128898606248571203

667 lnt the Insei (level 7, -3/52 HPs)
             Began as a Green Draconian Transmuter on July 29, 2021.
             Shot with an arrow by a centaur (5 damage)
             ... on level 5 of the Dungeon on July 30, 2021.
             The game lasted 00:16:40 (4971 turns).

lnt the Insei (Green Draconian Transmuter)          Turns: 4971, Time: 00:16:41

Health: -3/52      AC:  6    Str: 13    XL:     7   Next: 31%
Magic:  9/10       EV: 12    Int: 13    God:
Gold:   159        SH:  0    Dex: 13    Spells: 4/10 levels left

rFire   . . .      SeeInvis .     - Unarmed
rCold   . . .      Faith    .   (no shield)
rNeg    . . .      Spirit   .   (armour unavailable)
rPois   +          Reflect  .   (helmet currently unavailable)
rElec   .          Harm     .   (no cloak)
rCorr   .          Rampage  .   (no gloves)
Will    .....                   (boots currently unavailable)
Stlth   +.........              (no amulet)
HPRegen 0.17/turn               (no ring)
MPRegen 0.12/turn               (no ring)

@: appendages (expiring)
A: horns 2, talons 2, breathe noxious fumes, AC +6, unfitting armour, poison
resistance, cold-blooded
a: Breathe Noxious Fumes, End Transformation


You were on level 5 of the Dungeon.
You had temporarily grown beastly horns and talons.
You visited 1 branch of the dungeon, and saw 5 of its levels.

You collected 159 gold pieces.

Inventory:

Missiles
 c - 39 poisoned darts
 q - 41 stones
Armour
 e - a +2 robe of willpower
 h - a +1 buckler of protection
Wands
 i - a wand of flame (18)
 m - a wand of iceblast (15)
Scrolls
 d - 3 scrolls of enchant armour {unknown}
 f - a scroll of holy word {unknown}
 g - a scroll of amnesia {unknown}
 j - 3 scrolls of identify {unknown}
 k - 2 scrolls of magic mapping {unknown}
 r - a scroll of immolation {unknown}
 t - a scroll of fog {unknown}
Potions
 a - a potion of heal wounds {unknown}
 b - 3 potions of curing
 l - a potion of lignification {unknown}
 n - a potion of might {unknown}
 o - a potion of mutation {unknown}
 p - a potion of attraction {unknown}
 s - a potion of brilliance {unknown}
 u - a potion of degeneration {unknown}


   Skills:
 - Level 1.1 Fighting
 - Level 1.9 Dodging
 - Level 7.0 Unarmed Combat
 - Level 2.0 Spellcasting
 + Level 5.2 Transmutations


You had 4 spell levels left.
You knew the following spells:

 Your Spells              Type           Power      Damage    Failure   Level
a - Beastly Appendage     Tmut           30%        N/A       3%          1
b - Wereblood             Tmut           15%        N/A       4%          2
c - Spider Form           Tmut/Pois      4%         N/A       26%         3

Your spell library contained the following spells:

 Spells                   Type           Power      Damage    Failure   Level
 Ice Form                 Ice/Tmut       8%         N/A       65%         4


Dungeon Overview and Level Annotations

Branches:
Dungeon (5/15)
 Temple: D:4-7

Altars:
Dithmenos


Innate Abilities, Weirdness & Mutations

You have temporarily grown beastly horns and talons.
You can breathe blasts of noxious fumes.
Your lurid green scales are hard. (AC +6)
You cannot fit into any form of body armour.
Your system is resistant to poisons. (rPois)
You are cold-blooded and may be slowed by cold attacks.


Message History

The bullfrog skeleton barely misses you.
You hit the bullfrog skeleton but do no damage.
You claw the bullfrog skeleton.
The bullfrog skeleton is heavily damaged.
The bullfrog skeleton misses you.
You barely miss the bullfrog skeleton. You punch the bullfrog skeleton.
The bullfrog skeleton is severely damaged.
The bullfrog skeleton barely misses you.
You punch the bullfrog skeleton!
You destroy the bullfrog skeleton!
You start resting.
Your horns disappear.
Your talons disappear.
A killer bee zombie is nearby!
You start resting.
A centaur comes into view.
The centaur wields a +0 shortbow.
The centaur shoots an arrow.
The arrow hits you but does no damage.
You see here a quokka corpse.
Casting: Beastly Appendage (safe; 3% risk of failure)
Confirm with . or Enter, or press ? or * to list all spells.
You grow a pair of large bovine horns.
Your feet morph into talons.
The centaur shoots an arrow.
The arrow hits you!
* * * LOW HITPOINT WARNING * * *
The centaur shoots an arrow.
The arrow hits you.
* * * LOW HITPOINT WARNING * * *
The centaur shoots an arrow.
The arrow hits you!
* * * LOW HITPOINT WARNING * * *
It was a potion of curing.
You feel better.
Your transformation is almost over.
The centaur shoots an arrow.
The arrow barely misses you.
Okay, then.
Aiming: Throw Flame
Press: ? - help, Shift-Dir - straight line, f - centaur
Aim: a centaur, wielding a +0 shortbow and quivering arrows (81% to hit)
The puff of flame hits the centaur!
The centaur is heavily wounded.
The centaur shoots an arrow.
The arrow hits you.
* * * LOW HITPOINT WARNING * * *
The centaur shoots an arrow.
The arrow hits you.
You die...

#####.#.#####.#
#.....#.#.....#
#.#.......###.#
#.#.#.#######.#
#.#.......Z...#
#.#.§.#####.###
#..#§#§.....#
#§#§§§#####.##### ##
####§#§#§##..Zc.@.# ..
....§._.§§..#.###.# .#
####§#§#§#..#.....####.#
....#§§§#.. ###........#
# ###.##.####.#
#........#.# #. #.#
.##........#.#### #. #..
##.......(.....# #. ##.#
#..........## #. .#
..#.......#####.#.


You could see a centaur and a killer bee zombie.

Vanquished Creatures
  A black bear (D:5)
  A necrophage (D:5)
  An ogre (D:4)
  2 hounds (D:5)
  A jelly (D:5)
  An orc priest (D:3)
  A bullfrog skeleton (D:5)
  An iguana (D:4)
  An orc wizard (D:4)
  8 adders
  4 gnolls (D:4)
  An adder skeleton (D:4)
  2 worms
  A dart slug (D:1)
  6 orcs
  3 endoplasms
  2 giant cockroaches (D:1)
  8 goblins
  9 hobgoblins
  11 jackals
  A quokka (D:5)
  9 ball pythons
  4 bats
  2 frilled lizards (D:2)
  12 kobolds
  5 rats
98 creatures vanquished.

Vanquished Creatures (others)
  19 plants (D:5)
  5 toadstools (D:1)
24 creatures vanquished.

Grand Total: 122 creatures vanquished

Notes
Turn   | Place    | Note
-------+----------+-------------------------------------------
     0 | D:1      | lnt the Draconian Transmuter began the quest for the Orb.
     0 | D:1      | Reached XP level 1. HP: 16/16 MP: 3/3
   127 | D:1      | Reached XP level 2. HP: 17/23 MP: 5/5
   786 | D:1      | Reached XP level 3. HP: 22/28 MP: 4/6
  1512 | D:2      | Learned a level 2 spell: Wereblood
  1516 | D:2      | Learned a level 3 spell: Spider Form
  2317 | D:3      | Reached XP level 4. HP: 35/35 MP: 5/7
  2518 | D:3      | Found a faded altar of an unknown god.
  2683 | D:3      | Reached skill level 4 in Unarmed Combat
  3106 | D:4      | Noticed an ogre
  3117 | D:4      | Killed an ogre
  3118 | D:4      | Reached skill level 5 in Unarmed Combat
  3118 | D:4      | Reached XP level 5. HP: 40/40 MP: 6/8
  3888 | D:4      | Reached XP level 6. HP: 33/47 MP: 7/9
  4045 | D:4      | Reached skill level 6 in Unarmed Combat
  4702 | D:5      | Entered Level 5 of the Dungeon
  4706 | D:5      | Upgraded the game from 0.28-a0-48-gfd831c5874 to
                  | 0.28-a0-60-g54b5640690
  4755 | D:5      | Found a shadowy altar of Dithmenos.
  4934 | D:5      | Reached skill level 7 in Unarmed Combat
  4934 | D:5      | Your scales start taking on a lurid green colour.
  4934 | D:5      | Reached XP level 7. HP: 41/52 MP: 10/10
  4934 | D:5      | Gained mutation: Your system is resistant to poisons.
                  | (rPois) [Green Draconian growth]
  4941 | D:5      | Reached skill level 5 in Transmutations
  4969 | D:5      | HP: 2/52 [centaur/arrow (12)]
  4971 | D:5      | Shot with an arrow by a centaur

Illustrated notes

Levels and vault maps discovered:
D:1:      ldierk_walled_garden, layout_basic
D:2:      layout_basic, minmay_misc_feat_pillars
D:3:      layout_loops_cross, ebering_ecumenical_altar_webs, hex_tiny,
          grunt_decor_cap
D:4:      layout_loops_cross
D:5:      layout_basic, grunt_dithmenos_smoke_and_mirrors,
          mainiacjoe_overflow_catwalk, gammafunk_ghost_grave, serial_bayou,
          serial_bayou_lagoon_a, serial_bayou_pond_b, serial_bayou_crossing,
          serial_bayou_shore_a, serial_bayou_pond_a, grunt_decor_arrowhead

Skill      XL: |  1  2  3  4  5  6  7 |
---------------+----------------------+-----
Transmutations | 3 4 5 |  5.2
Unarmed Combat | 5 7 |  7.0
Fighting       | |  1.1
Dodging        | |  1.9
Spellcasting   | |  2.0

Action                   |  1- 3 |  4- 6 |  7- 9 || total
-------------------------+-------+-------+-------++-------
Melee: Unarmed           |   116 |   160 |    22 ||   298
       Headbutt          |    16 |    15 |     3 ||    34
       Kick              |    23 |    28 |     5 ||    56
       Tailslap          |     7 |    21 |     2 ||    30
       Punch             |       |     2 |     1 ||     3
 Cast: Beastly Appendage |    29 |    35 |     2 ||    66
Evoke: Wand              |       |     2 |     1 ||     3
  Use: Potion            |       |       |     1 ||     1
 Stab: Sleeping          |     1 |       |       ||     1
Armor: Skin              |    39 |    46 |     9 ||    94
Dodge: Dodged            |    81 |   117 |    23 ||   221
Block: Buckler           |     2 |       |       ||     2

Table legend: (Time is in decaauts)
 A = Elapsed time spent in this place.
 B = Non-inter-level travel time spent in this place.
 C = Inter-level travel time spent in this place.
 D = Time resting spent in this place.
 E = Time spent auto-exploring this place.
 F = Levels seen in this place.
 G = Mean time per level.
                   A        B        C        D        E       F      G
               +--------+--------+--------+--------+--------+-----+--------+
         Total |   4952 |   4830 |    122 |    712 |   3120 |   5 |  990.4 |
       Dungeon |   4952 |   4830 |    122 |    712 |   3120 |   5 |  990.4 |
               +--------+--------+--------+--------+--------+-----+--------+

Top non-repeatable levels by time:
     D:4: 1649 daAuts
     D:1: 1127 daAuts
     D:2: 1083 daAuts
     D:3: 829 daAuts
     D:5: 262 daAuts
